 Dungeon Crawl Stone Soup version 0.29.1-12-g30fa7ad0bf (webtiles) character file.

Game seed: 16987868392068318377

32 nachturnus the Trooper (level 3, -1/31 HPs)
             Began as a Draconian Fighter on Jan 2, 2023.
             Slain by a worm (4 damage)
             ... on level 2 of the Dungeon.
             The game lasted 00:02:06 (1496 turns).

nachturnus the Trooper (Draconian Fighter)          Turns: 1496, Time: 00:02:07

Health: -1/31      AC:  5    Str: 18    XL:     3   Next: 10%
Magic:  3/3        EV: 12    Int:  8    God:
Gold:   47         SH:  4    Dex: 12    Spells: 2/2 levels left

rFire   . . .      SeeInvis .   a - +0 long sword
rCold   . . .      Faith    .   b - +0 buckler
rNeg    . . .      Spirit   .   (body armour unavailable)
rPois   .          Reflect  .   (helmet restricted)
rElec   .          Harm     .   (no cloak)
rCorr   .          Rampage  .   (no gloves)
Will    .....                   (no boots)
Stlth   +.........              (no amulet)
HPRegen 0.10/turn               (no ring)
MPRegen 0.08/turn               (no ring)

@: no status effects
A: AC +5, unfitting armour, cold-blooded
a: no special abilities


You were on level 2 of the Dungeon.
You visited 1 branch of the dungeon, and saw 2 of its levels.

You collected 47 gold pieces.

Inventory:

Hand Weapons
 a - a +0 long sword (weapon)
Armour
 b - a +0 buckler (worn)
Scrolls
 d - a scroll of enchant weapon {unknown}
 e - a scroll of vulnerability {unknown}
 f - a scroll of teleportation {unknown}
 i - 3 scrolls of identify {unknown}
Potions
 c - a potion of might
 g - a potion of cancellation {unknown}
 h - 2 potions of lignification {unknown}
 j - a potion of brilliance {unknown}


   Skills:
 - Level 3.4 Fighting
 * Level 3.2 Long Blades
 - Level 2.8 Dodging
 - Level 3.1 Shields


You had 2 spell levels left.
You didn't know any spells.
Your spell library was empty.

Dungeon Overview and Level Annotations

Branches:
Dungeon (2/15)

Altars:


Innate Abilities, Weirdness & Mutations

Your plain brown scales are hard. (AC +5)
You cannot fit into any form of body armour.
You are cold-blooded and may be slowed by cold attacks.


Message History

The worm is lightly wounded.
The goblin closely misses you. The worm bites you.
The goblin hits you with a +0 club.
You hit the worm.
The worm is lightly wounded.
The goblin hits you with a +0 club. The worm bites you.
You barely miss the worm.
Your tail-slap misses the worm.
The worm is lightly wounded.
The goblin hits you but does no damage. The worm closely misses you.
You hit the worm but do no damage.
The worm is lightly wounded.
The goblin closely misses you.
You hit the worm.
The worm is moderately wounded.
The goblin barely misses you. The worm closely misses you.
The goblin closely misses you.
You barely miss the worm.
The worm is moderately wounded.
The worm bites you! The goblin barely misses you.
You are too injured to fight recklessly!
You are too injured to fight recklessly!
You are too injured to fight recklessly!
You are too injured to fight recklessly!
You are too injured to fight recklessly!
You are too injured to fight recklessly!
You are too injured to fight recklessly!
You barely miss the goblin. The goblin barely misses you. The worm bites you.
* * * LOW HITPOINT WARNING * * *
You block the goblin's attack.
You hit the goblin.
You kill the goblin!
You block the worm's attack.
You hit the worm but do no damage. You tail-slap the worm.
The worm is moderately wounded.
The worm bites you!
* * * LOW HITPOINT WARNING * * *
You slash the worm!
Your tail-slap misses the worm.
The worm is severely wounded.
The worm bites you.
You die...

#....)..)..........###.###
#..................##.....
#..................#......
#...............)..#.#####
#########..........#.#
.############### #.#
........# #.# #......# #.#
#....)@## #.# #....w..#
#.# #.......###### #.#####
#######......####.#....
............[....#....
#######.....######....
#.....#####.....
#.....'...#.....
#.....###.......


You could see a worm.

Vanquished Creatures
  A worm (D:2)
  2 bats (D:2)
  3 endoplasms (D:1)
  2 giant cockroaches (D:2)
  3 goblins
  4 hobgoblins
  2 quokkas (D:2)
  2 ball pythons (D:2)
  2 frilled lizards (D:1)
  3 kobolds
  2 rats
26 creatures vanquished.

Notes
Turn   | Place    | Note
-------+----------+-------------------------------------------
     0 | D:1      | nachturnus the Draconian Fighter began the quest for the
                  | Orb.
     0 | D:1      | Reached XP level 1. HP: 19/19 MP: 1/1
   558 | D:1      | Reached XP level 2. HP: 26/26 MP: 2/2
  1307 | D:2      | Reached XP level 3. HP: 31/31 MP: 3/3
  1496 | D:2      | Slain by a worm

Illustrated notes

Levels and vault maps discovered:
D:1:      dpeg_arrival_fog, layout_basic
D:2:      layout_basic, st_stairs_1

Skill      XL: |  1  2 |
---------------+-------+-----
Long Blades    | 3 |  3.2
Fighting       | |  3.4
Dodging        | |  2.8
Shields        | |  3.1

Action                   || total
-------------------------++-------
Melee: Long sword        ||    89
       Tailslap          ||     5
Armor: Skin              ||    27
Dodge: Dodged            ||    56
Block: Buckler           ||    20
